 Dungeon Sprint DCSS version 0.28-a0-533-g9f97627e2a (webtiles) character file.

Game seed: 16215204108202534563

864 Conn the Arsonist (level 8, -7/48 HPs)
             Began as an Octopode Fire Elementalist on Sept 26, 2021.
             Was a Follower of Sif Muna.
             Mangled by a red devil (26 damage)
             ... summoned by an obsidian statue
             ... in the Dungeon (Sprint II: "The Violet Keep of Menkaure").
             The game lasted 00:05:03 (308 turns).

Conn the Arsonist (Octopode Fire Elementalist)       Turns: 308, Time: 00:05:04

Health: -7/48      AC:  1    Str:  7    XL:     8   Next: 3%
Magic:  14/19      EV: 15    Int: 20    God:    Sif Muna [*.....]
Gold:   486        SH:  0    Dex: 12    Spells: 10/21 levels left

rFire   . . .      SeeInvis .     - Unarmed
rCold   . . .      Faith    .   (no shield)
rNeg    . . .      Spirit   .   (helmet restricted)
rPois   .          Reflect  .   (no amulet)
rElec   .          Harm     .   (no ring)
rCorr   .          Rampage  .   (no ring)
Will    .....      NoTele   +   (no ring)
Stlth   +++++.....              (no ring)
HPRegen 0.16/turn               (no ring)
MPRegen 0.16/turn               (no ring)
                                (no ring)
                                (no ring)

@: mesmerised
A: almost no armour, amphibious, 8 rings, camouflage 1, gelatinous body 1,
(nimble swimmer 1), tentacles
a: Renounce Religion, Channel Magic


You were in the Dungeon.
You worshipped Sif Muna.
Sif Muna was aware of your devotion.
You visited 1 branch You collected 486 gold pieces.

Inventory:

Scrolls
 f - a scroll of blinking
Potions
 a - a potion of curing
 d - a potion of magic


   Skills:
 + Level 1.3 Fighting
 + Level 6.0 Dodging
 + Level 8.0 Stealth
 - Level 1.0 Unarmed Combat
 + Level 7.4 Spellcasting
 + Level 3.6 Conjurations
 + Level 1.5 Hexes
 + Level 12.4 Fire Magic


You had 10 spell levels left.
You knew the following spells:

 Your Spells              Type           Power      Damage    Failure   Level
a - Foxfire               Conj/Fire      100%       2x1d9     1%          1
b - Conjure Flame         Conj/Fire      39%        6-21      1%          3
c - Inner Flame           Hex/Fire       35%        N/A       1%          3
d - Flame Wave            Conj/Fire      39%        3d8       3%          4

Your spell library contained the following spells:

 Spells                   Type           Power      Damage    Failure   Level
 Scorch                   Fire           100%       2d10      1%          2


Dungeon Overview and Level Annotations

Branches:
Dungeon (1/1)

Altars:
Cheibriados
Dithmenos
Elyvilon
Fedhas
Gozag
Hepliaklqana
Kikubaaqudgha
Makhleb
Nemelex Xobeh
Okawaru
Qazlal
Ru
Sif Muna
Trog
Uskayaw
Vehumet
Wu Jian
Xom
Yredelemnul
Zin
The Shining One
Beogh
Jiyva
Lugonu


Innate Abilities, Weirdness & Mutations

You cannot wear most types of armour.
You are amphibious.
You can wear up to eight rings at the same time.
Your skin changes colour to match your surroundings (Stealth+).
Your rubbery body absorbs attacks. (AC +1, EV +1)
((You are camouflaged near water. (Stealth+)))
You have tentacles for arms and can constrict up to eight enemies at once.


Message History

You cannot move away from the obsidian statue!
You cannot move away from the obsidian statue!
You cannot move away from the obsidian statue!
You cannot move away from the obsidian statue!
Casting: Foxfire (safe; 1% risk of failure)
Confirm with . or Enter, or press ? or * to list all spells.
You conjure some foxfire!
Menkaure misses you.
The obsidian statue's eyes glow briefly.
Unknown command.
You cannot move away from the obsidian statue!
You cannot move away from the obsidian statue!
You cannot move away from the obsidian statue!
The foxfire hits Menkaure!
Menkaure is burned terribly!
Flame seeps out of Menkaure.
Menkaure is heavily damaged.
Menkaure is engulfed in blazing flames.
Sif Muna accepts your kill.
Menkaure explodes!
The fiery explosion engulfs you!!
Ouch! That really hurt!
The ufetubus is engulfed in poison gas.
The ufetubus is poisoned.
The obsidian statue slips into the dungeon's darkness for a moment.
Your Dodging skill increases to level 6!
Your Stealth skill increases to level 8!
You have reached level 8!
You cannot move away from the obsidian statue!
You cannot move away from the obsidian statue!
You cannot move away from the obsidian statue!
The obsidian statue's eyes glow briefly.
Unknown command.
You cannot move away from the obsidian statue!
Unknown command.
You cannot move away from the obsidian statue!
You cannot move away from the obsidian statue!
You cannot move away from the obsidian statue!
You cannot move away from the obsidian statue!
You cannot move away from the obsidian statue!
The red devil hits you from afar with a +0 trident!!
Ouch! That really hurt!
You die...

# #..4°○.5° ..○○°8°○○
..○.°°☼○ .3°☼○○
≈#+++#°☼○## ≈...M...54#
≈≈.##+##°§# ##. B##@####
+.### .B ..#....# ...# #
.#$ ###..## #..# $ #.
#+###.##..# +^.# ▓?
#.##.##...#..# #^.# #▓?
#'.<÷'.##'..####..##.#▓!
#.##.##...#..§.###§..##▓▓
#l #'###.##§..§..≈≈≈≈≈≈≈≈
#
###..####§≈§....≈#'#####


You could see an obsidian statue (mesmerising), an orange demon (summoned), a
neqoxec (summoned), a red devil (summoned), an iron imp (summoned) and an
ufetubus (summoned, poisoned).

Vanquished Creatures
  2 wyverns (D)
  Menkaure (D)
  A water moccasin (D)
  4 necrophages (D)
  3 worms (D)
11 creatures vanquished.

Vanquished Creatures (others)
  29 foxfires (D)
29 creatures vanquished.

Grand Total: 40 creatures vanquished

Notes
Turn   | Place    | Note
-------+----------+-------------------------------------------
     0 | D        | Conn the Octopode Fire Elementalist began the quest for the
                  | Orb.
     0 | D        | Reached XP level 1. HP: 11/11 MP: 3/3
     1 | D        | Noticed a boulder beetle
     1 | D        | Noticed a boulder beetle
     8 | D        | Noticed a wyvern
     8 | D        | Noticed a wyvern
    12 | D        | Noticed a necrophage
    12 | D        | Noticed a necrophage
    12 | D        | Noticed a necrophage
    12 | D        | Noticed a necrophage
    18 | D        | Killed a necrophage
    19 | D        | Reached skill level 1 in Unarmed Combat
    19 | D        | Reached skill level 6 in Fire Magic
    19 | D        | Reached XP level 2. HP: 17/17 MP: 3/6
    19 | D        | Reached XP level 3. HP: 21/21 MP: 4/8
    19 | D        | Reached XP level 4. HP: 27/27 MP: 4/9
    22 | D        | Killed a necrophage
    23 | D        | Reached skill level 5 in Stealth
    23 | D        | Reached skill level 8 in Fire Magic
    23 | D        | Reached XP level 5. HP: 31/31 MP: 4/12
    27 | D        | Killed a necrophage
    28 | D        | Reached skill level 5 in Spellcasting
    28 | D        | Reached skill level 9 in Fire Magic
    28 | D        | Reached XP level 6. HP: 36/36 MP: 4/13
    33 | D        | Killed a necrophage
    34 | D        | Reached skill level 5 in Dodging
    34 | D        | Reached skill level 10 in Fire Magic
   141 | D        | Found a hazy altar of Hepliaklqana.
   141 | D        | Found a snail-covered altar of Cheibriados.
   142 | D        | Found a stormy altar of Qazlal.
   142 | D        | Found a viscous altar of Jiyva.
   142 | D        | Found a shadowy altar of Dithmenos.
   143 | D        | Found a sacrificial altar of Ru.
   143 | D        | Found an ancient bone altar of Kikubaaqudgha.
   143 | D        | Found a white marble altar of Elyvilon.
   144 | D        | Found an ornate altar of the Wu Jian Council.
   144 | D        | Found a shimmering blue altar of Sif Muna.
   144 | D        | Found a corrupted altar of Lugonu.
   145 | D        | Found a shimmering altar of Xom.
   145 | D        | Found a bloodstained altar of Trog.
   145 | D        | Found a burning altar of Makhleb.
   146 | D        | Found a glowing golden altar of the Shining One.
   146 | D        | Found a basalt altar of Yredelemnul.
   146 | D        | Found a hide-covered altar of Uskayaw.
   148 | D        | Found a glowing silver altar of Zin.
   148 | D        | Found a radiant altar of Vehumet.
   148 | D        | Found a blossoming altar of Fedhas.
   148 | D        | Found a sparkling altar of Nemelex Xobeh.
   149 | D        | Found an opulent altar of Gozag.
   149 | D        | Found an iron altar of Okawaru.
   151 | D        | Noticed a water moccasin
   152 | D        | Noticed a water moccasin
   154 | D        | Became a worshipper of Sif Muna the Loreminder
   162 | D        | Noticed a water moccasin
   173 | D        | Killed a water moccasin
   174 | D        | Reached skill level 11 in Fire Magic
   174 | D        | Reached XP level 7. HP: 22/41 MP: 11/16
   194 | D        | Learned a level 3 spell: Conjure Flame
   198 | D        | Learned a level 3 spell: Inner Flame
   203 | D        | Learned a level 4 spell: Flame Wave
   275 | D        | Killed a wyvern
   288 | D        | Killed a wyvern
   288 | D        | Reached * piety under Sif Muna
   289 | D        | Reached skill level 1 in Fighting
   289 | D        | Reached skill level 1 in Hexes
   289 | D        | Reached skill level 12 in Fire Magic
   294 | D        | Noticed Menkaure
   300 | D        | Noticed an obsidian statue
   303 | D        | Noticed a red devil
   306 | D        | Killed Menkaure
   307 | D        | Reached XP level 8. HP: 19/48 MP: 14/19
   308 | D        | Noticed an orange demon
   308 | D        | Mangled by a red devil

Illustrated notes

Levels and vault maps discovered:
D:        the_violet_keep_of_menkaure [sprint2_stairs_cluster_1,
          sprint2_shoproom, sprint2_temple, sprint2_basic_supplies,
          sprint2_obstacle_7, sprint2_obstacle_1, sprint2_obstacle_3,
          sprint2_obstacle_4, sprint2_obstacle_2, sprint2_timed_cluster_1,
          sprint2_smallroom_cluster_1, sprint2_smallroom_final_cluster_1,
          sprint2_transparent_cluster_1, sprint2_second_timed_cluster_1,
          sprint2_sniper_area_1, sprint2_heavy_combat_area_1,
          sprint2_mutation_trap_area_1, sprint2_forest_area_1,
          sprint2_light_combat_area_1, sprint2_behind_water_1,
          sprint2_near_end_vault_1]

Skill      XL: |  1  2  3  4  5  6  7 |
---------------+----------------------+-----
Dodging        | 3 4 5 6 |  6.0
Stealth        | 4 5 6 7 8 |  8.0
Unarmed Combat | 1 |  1.0
Spellcasting   | 3 4 5 6 7 |  7.4
Fire Magic     | 6 8 9 11 12 | 12.4
Conjurations   | 2 3 |  3.6
Fighting       | 1 |  1.3
Hexes          | 1 |  1.5

Action                   |  1- 3 |  4- 6 |  7- 9 || total
-------------------------+-------+-------+-------++-------
Melee: Unarmed           |     4 |    19 |       ||    23
       Constrict         |     1 |     4 |       ||     5
       Tentacles         |       |     3 |       ||     3
 Cast: Foxfire           |       |    10 |    10 ||    20
       Inner Flame       |       |       |     4 ||     4
  Use: Potion            |     2 |       |     2 ||     4
 Stab: Sleeping          |       |     1 |       ||     1
Armor: Skin              |     1 |       |       ||     1
Dodge: Dodged            |     1 |     3 |     9 ||    13

Table legend: (Time is in decaauts)
 A = Elapsed time spent in this place.
 B = Non-inter-level travel time spent in this place.
 C = Inter-level travel time spent in this place.
 D = Time resting spent in this place.
 E = Time spent auto-exploring this place.
 F = Levels seen in this place.
 G = Mean time per level.
                   A        B        C        D        E       F      G
               +--------+--------+--------+--------+--------+-----+--------+
         Total |    301 |    301 |      0 |    127 |      0 |   1 |  301.0 |
       Dungeon |    301 |    301 |      0 |    127 |      0 |   1 |  301.0 |
               +--------+--------+--------+--------+--------+-----+--------+

Top non-repeatable levels by time:
       D: 301 daAuts
